 Dungeon Crawl Stone Soup version 0.28.0-49-g6dfe1f597d (webtiles) character file.

Game seed: 18291126286862440871

183 H0rd4k the Charlatan (level 5, -1/38 HPs)
             Began as a Human Artificer on May 18, 2022.
             Slain by an ogre
             ... wielding a +0 giant club
              (15 damage)
             ... on level 4 of the Dungeon.
             The game lasted 00:04:31 (4380 turns).

H0rd4k the Charlatan (Human Artificer)              Turns: 4380, Time: 00:04:32

Health: -1/38      AC:  3    Str: 12    XL:     5   Next: 94%
Magic:  0/5        EV: 11    Int: 20    God:
Gold:   326        SH:  0    Dex: 13    Spells: 4/4 levels left

rFire   x . .      SeeInvis .   a - +0 club
rCold   + . .      Faith    .   (no shield)
rNeg    . . .      Spirit   +   b - +0 leather armour
rPois   .          Reflect  .   (no helmet)
rElec   .          Harm     .   (no cloak)
rCorr   .          Rampage  .   (no gloves)
Will    .....                   (no boots)
Stlth   ++........              i - amulet of guardian spirit
HPRegen 0.12/turn               f - ring of ice
MPRegen 0.09/turn               g - +6 ring of intelligence

@: no status effects
A: no striking features
a: no special abilities


You were on level 4 of the Dungeon.
You visited 1 branch of the dungeon, and saw 4 of its levels.
You also visited: Ossuary.

You collected 326 gold pieces.

Inventory:

Hand Weapons
 a - a +0 club (weapon)
Armour
 b - a +0 leather armour (worn)
Magical Staves
 l - a staff of death
Jewellery
 f - a ring of ice (left hand)
 g - a +6 ring of intelligence (right hand)
 i - an amulet of guardian spirit (around neck)
 n - a +6 ring of intelligence
Scrolls
 k - 4 scrolls of teleportation {unknown}
 m - 2 scrolls of enchant armour {unknown}
 o - 2 scrolls of identify {unknown}
 p - a scroll of magic mapping {unknown}
 r - a scroll of blinking {unknown}
 s - a scroll of amnesia {unknown}
 u - a scroll of vulnerability {unknown}
 v - a scroll of brand weapon {unknown}
Potions
 c - 5 potions of heal wounds {unknown}
 h - a potion of flight {unknown}
 j - 2 potions of berserk rage {unknown}
 q - 2 potions of haste {unknown}
 t - 2 potions of might {unknown}
 w - a potion of attraction {unknown}
Miscellaneous
 e - a piece from Xom's chessboard (14/15)


   Skills:
 + Level 1.7 Fighting
 + Level 2.2 Maces & Flails
 + Level 2.9 Armour
 + Level 1.9 Dodging
 + Level 1.9 Stealth
 + Level 4.1 Evocations


You had 4 spell levels left.
You didn't know any spells.
Your spell library contained the following spells:

 Spells                   Type           Power      Damage    Failure   Level
 Corpse Rot               Necr/Air       0%         N/A       36%         2
 Poisonous Vapours        Pois/Air       0%         N/A       36%         2
 Dispersal                Tloc           0%         N/A       100%        6
 Disjunction              Tloc           0%         N/A       100%        8


Dungeon Overview and Level Annotations

Branches:
Dungeon (4/15)            Ossuary (visited)
 Temple: D:4-7

Altars:
Fedhas
Qazlal

Annotations:
D:3 2 transporters, exclusion: downstairs, 101zpm's ghost, amateur DjFE


Message History

Press: ? - help, Shift-Dir - straight line, f - ogre
Aim: an ogre, wielding a +0 giant club (chance to affect: 59%)
The ogre resists with significant effort.
The ogre hits you with a +0 giant club!
* * * LOW HITPOINT WARNING * * *
The quokka barely misses you.
Unknown command.
The ogre closely misses you.
You hear the brisk rusting of a drain very nearby.
The quokka closely misses you.
Aiming: Charm
Press: ? - help, Shift-Dir - straight line, f/p - ogre
Aim: an ogre, wielding a +0 giant club (chance to affect: 59%)
The quokka struggles to resist.
The quokka bites you but does no damage.
Unknown command.
The quokka barely misses you.
Aiming: Charm
Press: ? - help, Shift-Dir - straight line, f/p - ogre
Aim: an ogre, wielding a +0 giant club (chance to affect: 59%)
The quokka struggles to resist.
The now-empty wand crumbles to dust.
The quokka barely misses you.
Unknown command.
You don't have any such object.
Evoke which item? (* to show all) (? for menu, Esc to quit)
Okay, then.
You make a move on Xom's chessboard...
The ogre struggles to resist.
The quokka barely misses you.
Unknown command.
The quokka barely misses you.
You see here a ball python corpse.
The quokka misses you. The quokka misses you. The quokka closely misses you.
Found a stone staircase leading down.
The quokka closely misses you.
Found a glowing copper wand.
The quokka bites you but does no damage.
The quokka bites you but does no damage.
The ogre hits you with a +0 giant club!!
You die...

#........###
#.#.###.#### #... #.....
.#.# #....# .#.# ####.#
#.#.# #.#
##'.#.########.#
.###.####..##......O....
../....@r.# #..#######†#
.#.#####O.# #..# ###.# .
..#####.## #..#####...#
. ........# #..#........
.
..>.....####..#.#......
.......................
##............###......
#.###........# ###...#
#. ########## #...#


You could see an ogre and a quokka.

Vanquished Creatures
  A hound (D:3)
  2 mummies (Ossuary)
  A gnoll (D:1)
  An adder (D:3)
  3 dart slugs
  2 orcs (D:3)
  5 ball pythons
  7 endoplasms
  5 giant cockroaches
  7 goblins
  4 hobgoblins
  2 jackals (D:1)
  3 quokkas
  6 bats
  A frilled lizard (D:1)
  A hobgoblin zombie (Ossuary)
  6 kobolds
  An orc zombie (Ossuary)
  2 rats
60 creatures vanquished.

Vanquished Creatures (collateral kills)
  2 mummies (Ossuary)
  An orc (D:4)
  An endoplasm (D:1)
  A hobgoblin zombie (Ossuary)
  A kobold zombie (Ossuary)
  2 orc zombies (Ossuary)
8 creatures vanquished.

Vanquished Creatures (others)
  4 mummies (Ossuary)
  A kobold zombie (Ossuary)
  An orc zombie (Ossuary)
6 creatures vanquished.

Grand Total: 74 creatures vanquished

Notes
Turn   | Place    | Note
-------+----------+-------------------------------------------
     0 | D:1      | H0rd4k the Human Artificer began the quest for the Orb.
     0 | D:1      | Reached XP level 1. HP: 15/15 MP: 1/1
   374 | D:1      | Reached XP level 2. HP: 21/21 MP: 2/2
   553 | D:1      | Reached XP level 3. HP: 26/26 MP: 3/3
  1339 | D:1      | You fall into a shaft and drop 1 floor!
  2598 | D:3      | Reached skill level 1 in Maces & Flails
  2598 | D:3      | Reached XP level 4. HP: 25/32 MP: 4/4
  3077 | D:3      | Reached XP level 5. HP: 33/37 MP: 3/5
  3551 | D:3      | Found a transporter.
  3551 | D:3      | Noticed an ogre
  3552 | D:3      | Noticed 101zpm's ghost (amateur DjFE)
  3554 | D:3      | Identified the +6 dire flail of Doom {freeze, rC+}
  3554 | D:3      | Noticed an ogre
  3588 | D:3      | Found a transporter.
  3999 | D:4      | Found a sand-covered staircase.
  4011 | Ossuary  | Entered an ossuary
  4060 | Ossuary  | Reached skill level 4 in Evocations
  4290 | D:4      | Found a blossoming altar of Fedhas.
  4293 | D:4      | Found a stormy altar of Qazlal.
  4293 | D:4      | Noticed a hornet
  4308 | D:4      | Noticed an ogre
  4380 | D:4      | Slain by an ogre

Illustrated notes

Levels and vault maps discovered:
D:1:      onia_arrival_pyramid, layout_loops_corners
D:2:      layout_loops_cross, serial_co_window_serial, co_window_paths_a,
          co_window_corner_a, co_window_corner_a, co_window_corner_a,
          co_window_paths_a, co_window_broadway_a, co_window_broadway_c,
          co_window_broadway_a, co_window_4corner_b, glass_columns_b,
          glass_columns_a
D:3:      layout_loops_ring, gammafunk_ghost_smash, chequers_avenue,
          minmay_misc_feat_pillars
D:4:      layout_loops_ring, grunt_temple_overflow_forces_of_nature,
          general_overflow_altar, gup_sewer_entry_bowl, enter_ossuary_1,
          minmay_vboxes

Skill      XL: |  1  2  3  4  5 |
---------------+----------------+-----
Maces & Flails | 1 2 |  2.2
Evocations     | 4 |  4.1
Fighting       | |  1.7
Armour         | |  2.9
Dodging        | |  1.9
Stealth        | |  1.9

Action                   |  1- 3 |  4- 6 || total
-------------------------+-------+-------++-------
Melee: Club              |   109 |   147 ||   256
       Punch             |       |     2 ||     2
Evoke: Wand              |     6 |    24 ||    30
       Piece from Xom's  |       |     1 ||     1
 Stab: Sleeping          |     5 |     2 ||     7
Armor: Leather armour    |    43 |    33 ||    76
Dodge: Dodged            |    93 |   106 ||   199
